Map: Prion Terraces

Players

Spiceisnice - Winner!

  • Race: Zerg Zerg
  • League: Bronze

Gracz

  • Race: Terran Terran

VOD

Have the link to the VOD?

Description

Time

  • Played on: May 5, 2016, 12:25 p.m.
  • Length: 23:25
Show
View Real Time Build Order
Export as new Build Order

Spiceisnice Zerg - Winner!

Build Orders: Pool First 

Get SALT Encoding   

  12  0:18  Spawning Pool  
  11  0:22  Drone  
  12  0:30  Drone  
  12  0:35  Drone  
  14  0:42  Extractor  
  13  0:44  Drone  
  14  1:02  Overlord x2  
  14  1:24  Drone x2  
  16  1:26  Queen  
  18  1:33  Extractor  
  18  1:37  Drone  
  18  1:55  Zergling x4  
  20  2:02  Roach Warren  
  20  2:03  Drone  
  20  2:10  Lair  
  20  2:18  Zergling x2  
  20  2:22  Drone  
  22  2:41  Overlord  
  22  2:42  Drone x2  
  25  3:03  Roach  
  26  3:15  Overlord  
  26  3:27  Hatchery  
  26  3:30  Roach  
  26  3:33  Zergling x2  
  28  3:41  Metabolic Boost  
  28  3:49  Zergling x2  
  28  3:50  Zergling x2  
  30  3:57  Zergling x2  
  30  4:01  Roach  
  26  4:43  Zergling x10  
  26  4:44  Zergling x2  
  30  4:57  Drone x2  
  32  5:02  Zergling x2  
  32  5:06  Zergling x2  
  32  5:07  Zergling x4  
  36  5:14  Drone  
  36  5:17  Spire  
  36  5:21  Drone  
  37  5:33  Drone  
  38  5:37  Drone x2  
  40  5:44  Queen  
  42  5:52  Drone  
  43  5:57  Overlord x2  
  43  6:14  Drone  
  44  6:29  Mutalisk x4  
  44  6:31  Mutalisk x2  
  56  6:33  Mutalisk  
  58  6:40  Drone x2  
  60  6:50  Overlord  
  60  6:52  Overlord  
  60  7:06  Overlord x3  
  60  7:17  Hydralisk Den  
  59  7:24  Glial Reconstitution, Infestation Pit  
  59  7:27  Mutalisk  
  59  7:28  Mutalisk  
  62  7:30  Mutalisk  
  62  7:32  Zergling x2  
  62  7:35  Roach  
  67  7:38  Drone  
  67  7:39  Drone  
  69  7:45  Zergling x2  
  69  7:47  Mutalisk  
  72  7:52  Roach  
  72  7:55  Roach  
  76  8:04  Zergling x4  
  78  8:07  Zergling x6  
  81  8:28  Zergling x6  
  81  8:29  Zergling x2  
  81  8:32  Roach x3  
  79  8:55  Zergling x4  
  73  8:57  Roach x2  
  73  8:58  Mutalisk x2  
  81  9:12  Queen  
  85  9:17  Roach x5  
  85  9:21  Hatchery  
  85  9:23  Overlord  
  92  9:31  Zergling x4  
  94  9:41  Hydralisk x2  
  94  9:42  Hydralisk  
  100  9:54  Hydralisk  
  100  9:58  Hydralisk  
  104  10:05  Extractor  
  104  10:06  Overlord  
  103  10:07  Extractor  
  103  10:08  Drone x2  
  104  10:19  Hydralisk x2  
  108  10:35  Drone  
  109  10:46  Hydralisk x3  
  115  10:55  Hydralisk  
  117  10:57  Zergling x4  
  117  10:58  Zergling x6  
  117  11:01  Overlord x2  
  123  11:25  Drone x2  
  123  11:26  Drone x3  
  123  11:28  Overlord  
  123  11:31  Hydralisk x3  
  133  11:33  Roach  
  133  11:34  Roach  
  137  11:42  Zergling x2  
  137  11:44  Overlord  
  137  11:45  Overlord  
  137  11:46  Overlord  
  138  11:51  Drone x2  
  140  11:55  Extractor  
  140  11:57  Extractor  
  140  11:58  Drone x3  
  141  12:13  Hydralisk x3  
  147  12:16  Zergling x4  
  149  12:31  Drone x3  
  152  12:38  Roach x3  
  152  12:40  Hydralisk x2  
  162  12:47  Roach x2  
  162  12:49  Hydralisk  
  168  13:06  Zergling x4  
  170  13:29  Overlord x4  
  170  13:52  Zergling x10  
  170  13:54  Zergling x12  
  157  14:07  Hydralisk x3  
  157  14:08  Hydralisk x2  
  134  14:12  Hydralisk x3  
  130  14:35  Roach x3  
  130  14:38  Roach x3  
  126  14:53  Roach  
  126  14:56  Roach  
  116  15:03  Roach  
  98  15:11  Hydralisk  
  89  15:15  Hydralisk x2  
  89  15:17  Hydralisk  
  89  15:18  Hydralisk x4  
  91  15:31  Roach x4  
  87  15:38  Roach  
  77  15:45  Drone x3  
  80  15:55  Roach x2  
  84  15:58  Zergling x8  
  84  15:59  Zergling x2  
  89  16:12  Extractor  
  88  16:27  Drone x4  
  88  16:28  Hatchery  
  91  16:37  Roach x3  
  97  16:50  Hydralisk  
  99  16:56  Hydralisk  
  101  17:22  Extractor  
  100  17:23  Extractor  
  99  17:33  Hydralisk x2  
  103  17:48  Drone  
  103  17:49  Hatchery  
  103  18:06  Hydralisk  
  105  18:16  Zergling x4  
  105  18:17  Zergling x16  
  105  18:19  Zergling x6  
  118  18:28  Hydralisk x2  
  118  18:29  Hydralisk x2  
  118  18:33  Hydralisk  
  128  18:39  Extractor  
  127  18:44  Hydralisk x2  
  127  18:47  Hydralisk  
  133  18:51  Hydralisk  
  135  18:59  Hydralisk  
  137  19:04  Hydralisk x2  
  141  19:17  Drone x2  
  143  19:31  Drone  
  143  19:35  Drone  
  145  19:38  Hydralisk x3  
  145  19:39  Hydralisk x4  
  145  19:43  Hydralisk  
  161  19:46  Extractor  
  161  19:48  Hydralisk  
  162  19:57  Hydralisk x2  
  166  20:02  Drone x4  
  166  20:03  Drone  
  171  20:14  Hydralisk x4  
  179  20:24  Drone x2  
  179  20:28  Hydralisk x4  
  181  20:30  Hydralisk  
  191  20:47  Hydralisk x4  
  199  20:54  Zergling x2  
  180  21:45  Hydralisk x2  
  180  21:46  Hydralisk x8  
  163  21:48  Hydralisk  
  163  21:49  Hydralisk  
  163  21:50  Hydralisk x7  
  163  21:51  Hydralisk x3  
  179  21:54  Roach  
  169  22:11  Overseer  
  169  22:12  Overseer  
  169  22:14  Hydralisk x5  
  153  22:34  Hydralisk  
  149  22:39  Hydralisk x7  
  149  22:42  Zergling x12  
  141  22:59  Hydralisk  
  141  23:01  Drone x3  
Show
View Real Time Build Order
Export as new Build Order

Gracz Terran 

Build Orders:  

Get SALT Encoding   

  12  0:02  SCV  
  13  0:14  Supply Depot  
  14  0:21  SCV  
  14  0:26  Refinery  
  14  0:50  SCV  
  14  0:56  Barracks  
  15  1:01  Barracks  
  15  1:04  SCV  
  16  1:16  SCV  
  17  1:57  Barracks Reactor  
  17  1:58  Barracks Reactor, Command Center  
  17  1:59  SCV  
  18  2:11  Supply Depot, SCV  
  19  2:23  SCV  
  20  2:38  Marine x2  
  20  2:40  Marine x2  
  24  3:07  Marine x4  
  28  3:20  Factory  
  28  3:25  Marine x4  
  32  3:42  Marine  
  32  3:43  Marine x3  
  21  5:01  Marine x4  
  21  5:03  Factory Tech Lab  
  25  5:10  Starport  
  25  5:15  SCV  
  25  5:16  Refinery  
  25  5:18  Marine  
  25  5:19  Marine x3  
  30  5:27  SCV  
  31  5:32  Supply Depot  
  31  5:36  Marine  
  31  5:37  Marine x3  
  31  5:39  SCV  
  36  5:51  Starport Reactor  
  36  5:54  Marine  
  36  5:55  Marine x3  
  40  6:07  Barracks  
  40  6:12  Marine x4  
  44  6:20  Orbital Command x2  
  44  6:30  Marine x4  
  48  6:34  Supply Depot  
  48  6:36  Factory Reactor  
  48  6:40  Medivac x2  
  52  6:48  Marine x2  
  54  6:55  Marine x2  
  56  7:02  Combat Shields  
  56  7:04  Marauder  
  56  7:05  Marine  
  56  7:06  Marine  
  60  7:12  Supply Depot  
  60  7:13  Marine x2  
  62  7:34  SCV, Marauder  
  65  7:39  Supply Depot  
  65  7:41  Supply Depot  
  65  7:46  SCV  
  66  7:56  Marauder  
  68  7:58  SCV  
  68  8:01  Medivac x2  
  73  8:06  Supply Depot  
  73  8:12  SCV  
  74  8:17  Marauder  
  76  8:22  Stimpack  
  76  8:24  Marine, SCV  
  76  8:25  Marine x3  
  81  8:30  Hellion  
  81  8:31  Medivac  
  85  8:36  SCV  
  85  8:38  Marine  
  87  8:42  Marine x3  
  79  8:56  Marauder  
  81  9:20  Supply Depot  
  81  9:24  SCV  
  82  9:36  SCV  
  83  9:43  Starport Tech Lab  
  83  10:06  Barracks  
  83  10:32  Hellion  
  83  10:33  Hellion  
  87  10:36  Concussive Shells  
  87  10:38  Marauder  
  89  10:44  Banshee  
  92  10:58  Starport  
  92  11:00  Marauder  
  92  11:02  SCV  
  92  11:03  Refinery  
  95  11:14  Cloaking Field, SCV  
  95  11:16  Command Center  
  96  11:21  Marauder  
  96  11:25  Marine x3  
  98  11:26  SCV  
  98  11:32  Supply Depot  
  102  11:33  Marine x3, Banshee  
  102  11:38  SCV  
  109  11:43  Engineering Bay  
  109  12:15  Banshee  
  112  12:29  Engineering Bay  
  112  12:34  High Capacity Fuel Tanks  
  112  12:50  Refinery x2  
  112  12:54  SCV  
  112  12:55  Refinery  
  113  12:58  Banshee  
  113  13:00  Marine x5  
  121  13:06  SCV  
  122  13:15  Starport Tech Lab  
  122  13:35  Armory  
  122  13:38  Supply Depot  
  122  13:41  Banshee  
  37  14:33  Marine  
  37  14:34  Marine x7  
  34  14:51  Marine x7  
  34  14:52  Marine  
  41  15:09  Marine x8  
  41  15:13  Command Center  
  43  15:26  Marine  
  43  15:27  Marine x7  
  41  16:07  Command Center  
  41  16:15  Sensor Tower  
  41  16:16  Command Center  
  41  16:24  Refinery  
  41  17:01  Starport  
  41  17:13  Fusion Core  
  41  17:43  Barracks Reactor  
  41  17:48  Terran Infantry Weapons Level 1  
  41  17:50  Terran Vehicle And Ship Armor Level 1  
  41  18:00  Armory  
  41  18:06  Sensor Tower  
  41  18:13  Sensor Tower  
  41  18:20  Hyperflight Rotors  
  41  18:46  SCV  
  42  18:58  SCV  
  43  19:09  Orbital Command  
  43  19:10  SCV  
  43  19:12  Marine  
  45  19:30  Terran Ship Weapons Level 1  
  45  19:42  Orbital Command  
  45  19:48  SCV  
  46  19:53  SCV  
  47  20:00  SCV  
  48  20:17  Marine x2  
  48  20:18  Marine x4  
  54  20:30  Orbital Command  
  54  20:39  SCV  
  54  20:42  Marine  
  56  20:43  Marine  
  56  20:44  Marine  
  58  20:51  SCV  
  59  21:02  Marine x8  
  59  21:03  SCV  
  68  21:17  Terran Infantry Armor Level 1  
  21  22:24  Marine  
  21  22:25  Marine x7  
  28  22:42  Marine  
  28  22:43  Marine x6  
Tags
 
Add a new tag
Caveats
  • Supply blocks, unpowered buildings, or Contaminate may cause inaccurate times.
  • Supply counts are checked every 10 seconds.